 Dungeon Crawl Stone Soup version 0.32-a0-868-g153ae1a8d6 (webtiles) character file.

Game seed: 6312528832296440971

468641 HilariousDeathArtist the Marksgoblin (level 24, -3/197 HPs)
             Began as a Coglin Fighter on Mar 28, 2024.
             Was a High Priest of Jiyva.
             Slain by a putrid mouth (11 damage)
             ... in the Vestibule of Hell.
             The game lasted 01:39:41 (43959 turns).

HilariousDeathArtist the Marksgoblin (CoFi)        Turns: 43959, Time: 01:39:41

Health: -3/197     AC: 28    Str: 13    XL:     24   Next: 62%
Magic:  39/39      EV: 20    Int:  6    God:    Jiyva [*****.]
Gold:   84         SH:  0    Dex: 36    Spells: 33/47 levels left

rFire   + + .        a - +9 hand cannon (freeze) {Sagil-Zimu}
rCold   + . .        b - +5 hand cannon of Namost {drain, Dex+4}
rNeg    . . .        f - +6 chain mail "Hulac" {rElec rPois Regen+ Str-3}
rPois   +            (helmet restricted)
rElec   +            F - +1 cloak of Yesterday {rF++}
rCorr   +            i - +2 pair of gloves
SInv    .            n - +0 pair of boots
Will    +....        (amulet unavailable)
Stlth   +++          (ring unavailable)
HPRegen 3.56/turn    (ring unavailable)
MPRegen 1.38/turn    u - neodymium superscope {rC+ Regen+ RegenMP+ Slay+3}

%: no passive effects
@: lethally poisoned (-3 -> -3), about to teleport, on blink cooldown, hasted,
studying Stealth, revving, very quick
A: off-hand wielding, slow wielding, warmup strikes, no jewellery, beak, agile
2, poison resistance, jelly absorbing missiles
}: 2/15 runes: barnacled, gossamer
a: Renounce Religion, Oozemancy, Slimify


You were in the Vestibule of Hell.
You worshipped Jiyva.
Jiyva was extremely pleased with you.
You visited 9 branches of the dungeon, and saw 42 of its levels.
You also visited: Wizlab.

You collected 5488 gold pieces.
You spent 5404 gold pieces at shops.

Inventory:

Hand Weapons
 a - a +9 hand cannon of freezing (weapon) {Sagil-Zimu}
   (You acquired it on level 9 of the Dungeon)
 b - the +5 hand cannon of Namost (offhand) {drain, Dex+4}
   (Okawaru gifted it to you on level 9 of the Dungeon)

   Dex+4:     It affects your dexterity (+4).
 c - the +3 greatsling "Punk" {acid, rCorr}
   (You found it on level 3 of the Depths)

   rCorr:     It protects you from acid and corrosion.
 d - a +0 hand cannon
   (You took it off a yaktaur captain on level 3 of the Vaults)
Missiles
 k - 24 curare-tipped darts
Armour
 f - the +6 chain mail "Hulac" (worn) {rElec rPois Regen+ Str-3}
   (You took it off a deep elf blademaster on level 3 of the Elven Halls)

   Str-3:     It affects your strength (-3).
   rElec:     It insulates you from electricity.
   rPois:     It protects you from poison.
   Regen+:    It increases your rate of health regeneration.
 i - a +2 pair of gloves (worn)
   (You found it on level 2 of the Dungeon)
 n - a +0 pair of boots (worn)
   (You bought it in a shop on level 2 of the Elven Halls)
 x - the +0 cloak of the Thief {Quiet Slay-3 SInv Stlth+}
   (You found it on level 2 of the Depths)

   Quiet:     All noise in your surroundings is dampened.
   Slay-3:    It affects your accuracy & damage with ranged weapons and melee
   (-3).
   SInv:      It lets you see invisible.
   Stlth+:    It makes you more stealthy.
 z - the +1 helmet of Hubris {rElec rF+++ Will+ Int-3}
   (You found it in a wizard's laboratory)

   Int-3:     It affects your intelligence (-3).
   rF+++:     It renders you almost immune to fire.
   rElec:     It insulates you from electricity.
   Will+:     It increases your willpower.
 F - the +1 cloak of Yesterday (worn) {rF++}
   (Okawaru gifted it to you on level 9 of the Dungeon)

   rF++:      It greatly protects you from fire.
 V - a +1 cloak of willpower
   (You found it on level 3 of the Elven Halls)
Gizmo
 u - a neodymium superscope (installed) {rC+ Regen+ RegenMP+ Slay+3}
   (You invented it yourself on level 4 of the Lair of Beasts)

   [neodymium superscope]

   Slay+3:    It affects your accuracy & damage with ranged weapons and melee
   (+3).
   rC+:       It protects you from cold.
   Regen+:    It increases your rate of health regeneration.
   RegenMP+:  It increases your rate of magic regeneration.
Wands
 g - a wand of light (17)
   (You took it off Ijyb on level 4 of the Dungeon)
 j - a wand of polymorph (5)
   (You found it on level 3 of the Vaults)
 m - a wand of digging (6)
   (You found it on level 3 of the Lair of Beasts)
 p - a wand of paralysis (42)
   (You took it off Maggie on level 10 of the Dungeon)
 y - a wand of mindburst (7)
   (You found it on level 3 of the Elven Halls)
 Q - a wand of roots (34)
   (You found it on level 7 of the Dungeon)
Scrolls
 h - 7 scrolls of revelation
 w - 9 scrolls of fog
 A - 9 scrolls of poison {!r}
 C - 6 scrolls of enchant weapon
 D - 6 scrolls of blinking {!r}
 E - 10 scrolls of fear
 K - 6 scrolls of immolation {!r}
 L - a scroll of amnesia
 O - 3 scrolls of silence
 Y - 8 scrolls of teleportation {@r3}
Potions
 o - 4 potions of might
 B - 5 potions of brilliance
 G - 11 potions of ambrosia {!q}
 H - 9 potions of haste
 I - a potion of invisibility
 J - 13 potions of curing {@q1}
 M - 3 potions of magic
 N - 8 potions of heal wounds {@q2}
 P - 7 potions of lignification {!q}
 R - 4 potions of resistance
 U - 4 potions of mutation {!q}
 X - 6 potions of enlightenment
 Z - 6 potions of cancellation
Miscellaneous
 l - a Gell's gravitambourine (inert)
   (You found it on level 5 of the Lair of Beasts)
 s - a tin of tremorstones (inert)
   (You bought it in a shop on level 13 of the Dungeon)
 v - a lightning rod (inert)
   (You found it on level 1 of the Spider Nest)


   Skills:
 + Level 18.0 Fighting
 - Level 2.0 Long Blades
 - Level 18.0 Ranged Weapons
 * Level 16.3 Armour
 + Level 16.2 Dodging
 + Level 9.9 Stealth
 - Level 2.1 Shields
 + Level 12.1 Spellcasting
 + Level 14.3 Translocations
 + Level 8.8 Invocations
 + Level 16.7 Evocations


You had 33 spell levels left.
You knew the following spells:

 Your Spells              Type           Power      Damage    Failure   Level
a - Maxwell's Portable P  Tloc           20%        2d(8-16)  3%          4
b - Blink                 Tloc           40%        N/A       1%          2
c - Dimensional Bullseye  Hex/Tloc       6%         N/A       50%         4
d - Passage of Golubria   Tloc           20%        N/A       3%          4

Your spell library contained the following spells:

 Spells                   Type           Power      Damage    Failure   Level
 Lesser Beckoning         Tloc           40%        N/A       1%          2
 Teleport Other           Tloc           20%        N/A       1%          3
 Momentum Strike          Conj/Tloc      24%        3d8       9%          2
 Volatile Blastmotes      Fire/Tloc      24%        2d12      17%         3
 Iskenderun's Mystic Bla Conj/Tloc 12%            2d5        (+2d2     50%         4
 Foxfire                  Conj/Fire      12%        2x1d4     73%         1
 Freeze                   Ice            12%        1d3       73%         1
 Magic Dart               Conj           12%        1d3       73%         1
 Necrotise                Necr           12%        1d4       73%         1
 Sandblast                Erth           6%         2d5       73%         1
 Sting                    Conj/Alch      12%        1d3       73%         1
 Call Imp                 Summ           6%         N/A       86%         2
 Cigotuvi's Dreadful Rot  Necr/Alch/Air  6%         N/A       86%         2
 Ensorcelled Hibernation  Hex/Ice        6%         N/A       86%         2
 Manifold Assault         Tloc           10%        N/A       95%         7
 Call Canine Familiar     Summ           3%         N/A       97%         3
 Dazzling Flash           Conj/Hex       6%         N/A       97%         3
 Frozen Ramparts          Ice            6%         1d1       97%         3
 Fugue of the Fallen      Necr           3%         N/A       97%         3
 Hailstorm                Conj/Ice       3%         3d5       97%         3
 Inner Flame              Hex/Fire       3%         N/A       97%         3
 Ozocubu's Armour         Ice            3%         N/A       97%         3
 Sigil of Binding         Hex            3%         N/A       97%         3
 Stone Arrow              Conj/Erth      6%         3d7       97%         3
 Tukima's Dance           Hex            3%         N/A       97%         3
 Vampiric Draining        Necr           3%         2d6       97%         3
 Anguish                  Hex/Necr       1%         N/A       100%        4
 Brom's Barrelling Bould  Conj/Erth      3%         2d3       100%        4
 Dispel Undead            Necr           3%         3d7       100%        4
 Fulminant Prism          Conj/Alch      1%         3d5       100%        4
 Leda's Liquefaction      Alch/Erth      1%         N/A       100%        4
 Martyr's Knell           Necr/Summ      3%         N/A       100%        4
 Summon Blazeheart Golem  Fire/Summ      3%         N/A       100%        4
 Alistair's Intoxication  Alch           2%         N/A       100%        5
 Curse of Agony           Necr           3%         N/A       100%        5
 Irradiate                Conj/Alch      1%         3d12      100%        5
 Iskenderun's Battlesphe  Conj           3%         2d6       100%        5
 Lee's Rapid Deconstruct  Erth           1%         3d4*      100%        5
 Metabolic Englaciation   Hex/Ice        1%         N/A       100%        5
 Yara's Violent Unravell  Hex/Alch       1%         3d3       100%        5
 Bombard                  Conj/Erth      1%         9d1       100%        6
 Conjure Ball Lightning   Conj/Air       1%         3x3d6     100%        6
 Eringya's Noxious Bog    Alch           1%         4d6       100%        6
 Permafrost Eruption      Ice/Erth       1%         2x4d2     100%        6
 Plasma Beam              Fire/Air       1%         2x1d11    100%        6
 Sculpt Simulacrum        Ice/Alch       1%         N/A       100%        6
 Starburst                Conj/Fire      1%         6d3       100%        6
 Haunt                    Necr/Summ      1%         N/A       100%        7
 Orb of Destruction       Conj           1%         9d5       100%        7
 Ozocubu's Refrigeration  Ice            1%         4d7       100%        7
 Spellforged Servitor     Conj/Summ      1%         N/A       100%        7
 Discord                  Hex            1%         N/A       100%        8
 Disjunction              Tloc           10%        N/A       100%        8
 Ignition                 Fire           1%         3d3       100%        8
 Chain Lightning          Conj/Air       1%         3d2       100%        9
 Fire Storm               Conj/Fire      1%         8d1       100%        9
 Polar Vortex             Ice            1%         N/A       100%        9
 Shatter                  Erth           1%         3d6*      100%        9


Dungeon Overview and Level Annotations

Branches:
Dungeon (15/15)            Temple (0/1) D:7            Lair (5/5) D:8
 Shoals (4/4) Lair:3       Spider (4/4) Lair:2        Slime (0/5) Lair:4
    Orc (2/2) D:10            Elf (3/3) Orc:2        Vaults (4/5) D:14
  Crypt (0/3) Vaults:3     Depths (4/4) D:15           Hell (1/1)
    Coc (0/7) Hell            Zot (0/5) Depths:4     WizLab (visited)
    Dis: Hell:1         Geh: Hell:1         Tar: Hell:1

Altars:
Ashenzari
Fedhas
Gozag
Hepliaklqana
Kikubaaqudgha
Makhleb
Okawaru
Ru
Sif Muna
Trog
Uskayaw
Vehumet
Wu Jian
Yredelemnul
Zin
Jiyva

Shops:
D:1 =   D:4 **   D:10 :(   D:13 (!*   Orc:2 **:!(?   Elf:2 =?*   Elf:3 ?
Shoals:3 *([[   Vaults:1 (   Depths:1 (   Depths:4 ?

Portals:
Hell: Depths:1 Depths:2 Depths:3 Depths:4
Abyss: Depths:3
Pandemonium: Depths:2
Ziggurat: Depths:2
Trove: D:11 (give +4 demon blade)

Annotations:
Elf:1 Roxanne
Hell Geryon


Innate Abilities, Weirdness & Mutations

You can wield a second weapon in your off-hand.
It takes a long time for you to wield or remove held weapons.
Your first few attacks do less damage.
You cannot equip rings or amulets.
You have a beak for a mouth.
You are very agile. (Dex +8, Str/Int -2)
Your system is resistant to poisons. (rPois)
You have a small jelly attached to you that may absorb projectiles.


Message History

You shoot a slug. The slug hits the putrid mouth!!!
The slug freezes the putrid mouth!!
You feel very sick. The smoke demon gestures at you. Something smites you!
Geryon roars, "Return whence thou came, thou dissembling base-court mish-mash!"
Geryon winds a great silver horn.
The soul eater closely misses you. The putrid mouth closely misses you.
The putrid mouth misses you. The putrid mouth bites you!
You are more poisoned.
The putrid mouth poisons you!
The putrid mouth claws you but does no damage.
The soul eater completely misses you.
You take 14 damage, and have 133/197 hp.
Unknown command.
Fire: a) +9 hand cannon (freeze) {Sagil-Zimu}
Press: ? - help, Q - select action Shift-Dir - straight line, f/p - putrid mouth
Aim: a putrid mouth (almost destroyed, 77% to hit)
You shoot a slug. The slug hits the putrid mouth!
You destroy the putrid mouth!
You shoot a slug. The slug hits the molten gargoyle!!
The slug freezes the molten gargoyle.
You feel extremely sick.
An ice devil comes into view.
Geryon roars, "Give up, thou wayward limp-willed toady!"
Geryon winds a great silver horn.
The soul eater closely misses you.
The molten gargoyle hits you with a +0 flail.
You are engulfed in flames.
You resist. The soul eater hits you.
You take 30 damage, and have 103/197 hp.
Fire: a) +9 hand cannon (freeze) {Sagil-Zimu}
Press: ? - help, Q - select action Shift-Dir - straight line, f - soul eater
Aim: a soul eater (moderately wounded, 83% to hit)
Okay, then.
Okay, then.
Unknown command.
You feel yourself speed up.
You feel extremely sick.
The molten gargoyle blasts magma at you!
The bolt of magma hits you but does no damage.
The soul eater hits you!
You take 20 damage, and have 83/197 hp.
Fire: a) +9 hand cannon (freeze) {Sagil-Zimu}
Press: ? - help, Q - select action Shift-Dir - straight line, f - smoke demon
Aim: a smoke demon (84% to hit)
You shoot a slug.
The slug hits the soul eater but does no damage.
You shoot a slug.
The slug hits the soul eater but does no damage.
You feel extremely sick. The molten gargoyle barely misses you.
The soul eater hits you but does no damage.
The smoke demon gestures at you. Something smites you!
A red devil comes into view. It is wielding a +0 antimagic trident.
The molten gargoyle hits you but does no damage.
The soul eater closely misses you.
The red devil moves out of view.
A putrid mouth comes into view.
You take 18 damage, and have 65/197 hp.
You blink.
You feel very sick. The hell beast misses you. The hell beast tramples you!
* * * LOW HITPOINT WARNING * * *
You hold your ground!
The red devil completely misses you.
The putrid mouth bites you but does no damage.
The putrid mouth misses you.
You take 16 damage, and have 49/197 hp.
You now have 38/39 mp.
As you read the scroll of teleportation {@r3}, it crumbles to dust.
You feel strangely unstable.
You feel very sick. The hell beast closely misses you.
The hell beast barely misses you. The sun demon hits you!
* * * LOW HITPOINT WARNING * * *
You are engulfed in flames.
You resist.
* * * LOW HITPOINT WARNING * * *
The hell beast completely misses you. x2
The red devil hits you but does no damage.
The putrid mouth misses you.
The putrid mouth claws you but does no damage.
Geryon misses you. The sun demon hits you!
* * * LOW HITPOINT WARNING * * *
You are engulfed in flames.
You resist.
* * * LOW HITPOINT WARNING * * *
You take 31 damage, and have 18/197 hp.
MP restored: 39 You feel much better.
You feel yourself speed up.
You feel very sick. The hell beast bites you.
* * * LOW HITPOINT WARNING * * *
The hell beast misses you. The hell beast bites you!
* * * LOW HITPOINT WARNING * * *
The hell beast misses you. The sun demon hits you!
* * * LOW HITPOINT WARNING * * *
You are engulfed in flames.
You resist.
* * * LOW HITPOINT WARNING * * *
The putrid mouth bites you but does no damage.
The putrid mouth claws you!
You die...
Jiyva sends a jelly to digest your remains.

. #. #######
#.#.#.#3###
#..°)°..'...
##.....###..
##.433.# ...
##.9D## #...
##..2#########°..#
# ##.4@#.#.#.#°..#
## #.2W34.......#
p### ##..&.......#


pWZ## ##........# .Dp2### ##9.....## .≈pp2.## ##....## ≈≈≈hW..# ##....##
≈≈≈≈32..# ##.....†## ≈≈≈≈≈≈.).# ##.○D.....## You could see Geryon, an ice
dragon, 2 hell beasts, a putrid mouth, a soul eater, a sun demon, an ice devil,
a rust devil, a smoke demon, 2 molten gargoyles and a red devil.

Vanquished Creatures
  2 juggernauts
  Mara (Shoals:4)
  2 golden dragons
  Norris (Depths:2)
  Arachne (Spider:3)
  2 bone dragons
  Nikola (Vaults:2)
  An electric golem (WizLab)
  2 tentacled monstrosities (Depths:3)
  Jorgrun (Elf:1)
  A tainted leviathan (Hell)
  5 liches
  A walking earthen tome (Depths:2)
  6 titans
  4 deep elf blademasters
  4 deep elf master archers
  A quicksilver dragon (Depths:4)
  4 sphinxes
  A walking divine tome (Depths:2)
  Frances (D:13)
  Polyphemus (Shoals:3)
  4 tengu reavers
  A shadow dragon (Depths:4)
  20 fire giants
  Donald (Elf:3)
  5 deep elf sorcerers (Elf:3)
  6 vault wardens
  2 reapers (Hell)
  A draconian scorcher (Depths:4)
  9 frost giants
  An emperor scorpion (Spider:4)
  4 iron dragons
  4 ghost moths (Spider:4)
  18 ironbound preservers
  A draconian stormcaller (Depths:4)
  A deep elf elementalist (Elf:3)
  A caustic shrike zombie (Hell)
  3 broodmothers
  18 ironbound thunderhulks
  A cacodemon (Hell)
  11 very ugly things
  A spriggan defender (Depths:3)
  17 stone giants
  5 deep elf death magi
  2 vampire knights
  4 green draconians
  12 deep elf demonologists
  2 formless jellyfish
  A red draconian (Depths:3)
  3 putrid mouths (Hell)
  9 deep elf annihilators
  8 dire elephants
  3 yellow draconians
  5 war gargoyles
  A black draconian (Depths:2)
  21 spark wasps
  2 purple draconians
  A white draconian (Depths:4)
  A bunyip (shapeshifter) (Vaults:3)
  12 ettins
  3 merfolk javelineers (Shoals:4)
  2 crystal guardians
  2 blizzard demons (Hell)
  2 jiangshi (Depths:3)
  7 fire dragons
  17 merfolk impalers
  12 yaktaur captains
  3 entropy weavers
  7 vault guards
  11 ice dragons
  2 jorogumos
  5 deep elf high priests
  2 salamander tyrants (WizLab)
  An ogre mage (Orc:2)
  7 hydras
  4 rakshasas
  2 alligator snapping turtles
  5 great orbs of eyes
  7 spriggan air magi
  10 peacekeepers
  A merfolk aquamancer (Shoals:4)
  13 centaur warriors
  An anaconda (Lair:5)
  3 deep troll shamans
  23 dancing weapons
  2 merfolk avatars
  9 ironbound frosthearts
  4 catoblepae
  8 boulder beetles
  3 radroaches
  3 satyrs
  12 two-headed ogres
  2 vampire magi
  5 demonic crawlers
  5 tengu warriors
  13 death yaks
  13 deep troll earth magi
  3 hell hogs
  4 orc high priests
  3 spriggan berserkers
  20 deep elf knights
  3 spriggans (Depths:3)
  7 hell knights
  A spectral death yak (Lair:5)
  2 soul eaters (Hell)
  11 skeletal warriors
  11 skysharks
  2 sixfirhies
  10 pharaoh ants
  13 sea snakes
  A sea snake (shapeshifter) (Elf:2)
  A death drake (shapeshifter) (Vaults:3)
  10 iron trolls
  A glowing orange brain (Vaults:4)
  4 arcanists
  A spectral anaconda (Lair:5)
  70 deep trolls
  A glowing orange brain (shapeshifter) (Vaults:3)
  14 deep elf archers
  9 orb spiders
  An orb spider (shapeshifter) (Vaults:3)
  21 ironbound convokers
  2 anaconda zombies (Hell)
  An obsidian statue (Lair:5)
  9 steelbarb worms
  5 orc knights (Orc:2)
  Pikel (D:6)
  An anaconda skeleton (Hell)
  2 sun moths
  7 thermic dynamos
  21 harpies
  7 lindwurms
  2 lightning spires (WizLab)
  A lindwurm (shapeshifter) (Vaults:3)
  27 wolf spiders
  29 deep elf pyromancers
  11 ugly things
  A phantasmal warrior (Vaults:2)
  6 necromancers
  A shining eye (shapeshifter) (Vaults:3)
  21 deep elf zephyrmancers
  6 fauns
  6 cyclopes
  9 moths of wrath
  5 orc sorcerers
  A stone giant zombie (Vaults:3)
  10 manticores
  6 meliai
  2 rust devils (Hell)
  A moth of wrath (shapeshifter) (Depths:2)
  An alligator skeleton (Hell)
  6 merfolk sirens
  4 molten gargoyles
  8 black mambas
  3 smoke demons (Hell)
  7 vault sentinels
  4 kobold blastminers
  7 elephants
  10 water nymphs
  9 gargoyles
  14 cane toads
  2 unseen horrors
  An ice statue (Hell)
  5 torpor snails
  An elf zombie (Vaults:3)
  Maggie (D:10)
  Jeremiah (D:7)
  3 rime drakes
  3 kobold demonologists (D:9)
  13 komodo dragons
  52 yaktaurs
  5 tengu conjurers
  23 merfolk
  A sea snake skeleton (Hell)
  A silent spectre (Vaults:1)
  7 trolls
  33 tarantellas
  2 hydra skeletons (Hell)
  30 blink frogs
  An alligator simulacrum (Hell)
  7 snapping turtles
  9 hornets
  A polar bear (Lair:3)
  A spriggan zombie (D:15)
  9 wind drakes
  A dream sheep (Lair:4)
  Sigmund (D:2)
  3 air elementals
  23 jumping spiders
  A culicivora (shapeshifter) (Vaults:3)
  23 culicivoras
  A vampire (D:12)
  A spriggan skeleton (D:15)
  20 water elementals
  5 wyverns
  41 slime creatures
  Eustachio (D:5)
  5 wraiths
  A human (D:14)
  A basilisk (Lair:5)
  34 yaks
  4 steam dragons
  A warg (D:8)
  3 fire elementals
  2 vampire mosquitoes (D:13)
  48 redbacks
  Menkaure (D:7)
  2 spectral cane toads (Lair:5)
  3 acid dragons
  Duvessa (D:7)
  19 water moccasins
  13 orc warriors
  2 black bears
  2 ice beasts
  An elephant zombie (Lair:5)
  A black bear (shapeshifter) (D:14)
  9 ogres
  An elephant skeleton (Lair:5)
  14 wolves
  7 centaurs
  3 lemures (D:6)
  A phantom (D:4)
  7 kobold brigands
  6 bullfrogs
  A cane toad simulacrum (Lair:5)
  3 gnoll sergeants
  3 scorpions
  6 earth elementals
  17 wights
  Dowan (D:7)
  An elephant simulacrum (Lair:5)
  6 killer bees (D:10)
  A howler monkey (D:11)
  3 electric eels (Lair:1)
  4 jellies
  3 bombardier beetles
  A hound (D:5)
  3 gnoll boudas
  21 orc priests
  2 sleepcaps
  Terence (D:2)
  Jessica (D:2)
  An iguana (D:6)
  2 hell rats (Lair:4)
  Ijyb (D:4)
  32 orc wizards
  Robin (D:2)
  3 adders
  32 gnolls
  2 white imps
  7 dart slugs
  66 orcs
  8 endoplasms
  7 giant cockroaches
  19 goblins
  12 hobgoblins
  4 jackals (D:2)
  13 kobolds
  5 quokkas
  9 ball pythons
  8 bats
  5 frilled lizards
  A rat (D:2)
1835 creatures vanquished.

Vanquished Creatures (collateral kills)
  A hell hog (Hell)
  A soul eater (Hell)
  A sixfirhy (Hell)
3 creatures vanquished.

Vanquished Creatures (others)
  A spriggan berserker (Depths:3)
  A deep elf knight (Depths:3)
  A glowing orange brain (Depths:3)
  4 glass eyes
  A deep elf zephyrmancer (Elf:3)
  An elephant (Lair:5)
  A merfolk siren (Shoals:4)
  A tengu conjurer (Depths:2)
  A tarantella (Spider:1)
  A redback (Spider:1)
  21 jellies
  An orc priest (D:7)
  2 orcs (D:7)
37 creatures vanquished.

Grand Total: 1875 creatures vanquished

Notes
Turn   | Place    | Note
-------+----------+-------------------------------------------
     0 | D:1      | HilariousDeathArtist the Coglin Fighter began the quest for
                  | the Orb.
     0 | D:1      | Reached XP level 1. HP: 18/18 MP: 1/1
    98 | D:1      | Reached XP level 2. HP: 13/24 MP: 2/2
    99 | D:1      | Reached skill level 1 in Dodging
   200 | D:1      | Found Xoge's Jewellery Emporium.
   374 | D:1      | Reached XP level 3. HP: 21/29 MP: 3/3
   622 | D:2      | Found an iron altar of Okawaru.
   631 | D:2      | Became a worshipper of Warmaster Okawaru
   715 | D:2      | Noticed Jessica
   735 | D:2      | Killed Jessica
   736 | D:2      | Reached skill level 4 in Fighting
   736 | D:2      | Reached skill level 2 in Dodging
   736 | D:2      | Reached XP level 4. HP: 31/37 MP: 4/4
  1078 | D:2      | Noticed Sigmund
  1092 | D:2      | Killed Sigmund
  1092 | D:2      | Reached * piety under Okawaru
  1093 | D:2      | Reached skill level 5 in Fighting
  1093 | D:2      | Reached skill level 3 in Dodging
  1093 | D:2      | Reached XP level 5. HP: 29/44 MP: 5/5
  1093 | D:2      | Reached XP level 6. HP: 34/51 MP: 6/6
  1387 | D:2      | Noticed Terence
  1397 | D:2      | Killed Terence
  1555 | D:2      | Noticed Robin
  1567 | D:2      | Killed Robin
  1791 | D:3      | Found a faded altar of an unknown god.
  1911 | D:3      | Found a hide-covered altar of Uskayaw.
  1992 | D:3      | Reached skill level 4 in Dodging
  2018 | D:3      | Reached ** piety under Okawaru
  2307 | D:3      | Reached XP level 7. HP: 57/57 MP: 7/7
  2463 | D:4      | Found Okepupru's General Store.
  2470 | D:4      | Noticed Ijyb
  2627 | D:4      | Reached skill level 6 in Fighting
  2791 | D:4      | Reached skill level 5 in Dodging
  2922 | D:4      | Reached skill level 1 in Ranged Weapons
  2945 | D:4      | Killed Ijyb
  3157 | D:4      | Reached skill level 2 in Ranged Weapons
  3163 | D:4      | Found an ancient bone altar of Kikubaaqudgha.
  3178 | D:4      | Found Gousao's General Store.
  3188 | D:4      | Reached XP level 8. HP: 65/65 MP: 8/8
  3212 | D:4      | Found an iron altar of Okawaru.
  3397 | D:4      | Bought a scroll of identify for 26 gold pieces
  3417 | D:4      | Bought a scroll of noise for 12 gold pieces
  3417 | D:4      | Bought a scroll of poison for 48 gold pieces
  3417 | D:4      | Bought a potion of ambrosia for 96 gold pieces
  3439 | D:5      | Entered Level 5 of the Dungeon
  3535 | D:5      | Reached skill level 3 in Ranged Weapons
  3680 | D:5      | Noticed Eustachio
  3708 | D:5      | Killed Eustachio
  3709 | D:5      | Reached skill level 4 in Ranged Weapons
  3781 | D:5      | Found a blossoming altar of Fedhas.
  3783 | D:5      | Found a glowing silver altar of Zin.
  3784 | D:5      | Found a bloodstained altar of Trog.
  3894 | D:5      | Found a burning altar of Makhleb.
  4005 | D:5      | Reached *** piety under Okawaru
  4302 | D:6      | Found a sacrificial altar of Ru.
  4353 | D:6      | Noticed Pikel
  4364 | D:6      | Reached skill level 5 in Ranged Weapons
  4406 | D:6      | HP: 16/65 [Pikel/+2 whip of flaming (5)]
  4411 | D:6      | HP: 15/65 [Pikel/+2 whip of flaming (1)]
  4412 | D:6      | Killed Pikel
  4413 | D:6      | Reached skill level 7 in Ranged Weapons
  4413 | D:6      | Reached XP level 9. HP: 16/71 MP: 9/9
  4648 | D:6      | Reached **** piety under Okawaru
  4664 | D:6      | Identified the +4 dagger of Leodedgh {drain, ^Fragile rElec
                  | Str+4}
  4866 | D:6      | Found a shimmering blue altar of Sif Muna.
  5134 | D:7      | Noticed Jeremiah
  5160 | D:7      | Killed Jeremiah
  5161 | D:7      | Reached skill level 8 in Ranged Weapons
  5202 | D:7      | Noticed Menkaure
  5209 | D:7      | Killed Menkaure
  5210 | D:7      | Reached skill level 7 in Fighting
  5710 | D:7      | Noticed Duvessa
  5719 | D:7      | Noticed Dowan
  5734 | D:7      | Killed Duvessa
  5735 | D:7      | Reached skill level 6 in Dodging
  5742 | D:7      | Killed Dowan
  5995 | D:7      | Reached XP level 10. HP: 65/80 MP: 10/10
  6001 | D:7      | Found an opulent altar of Gozag.
  6136 | D:7      | Found an ornate altar of the Wu Jian Council.
  6349 | D:7      | Found a staircase to the Ecumenical Temple.
  6458 | D:8      | Reached ***** piety under Okawaru
  6459 | D:8      | Reached skill level 8 in Fighting
  6590 | D:8      | Reached skill level 9 in Ranged Weapons
  6732 | D:8      | Found a staircase to the Lair.
  7226 | D:8      | Reached skill level 7 in Dodging
  8010 | D:9      | Found a basalt altar of Yredelemnul.
  8045 | D:9      | Noticed a kobold demonologist
  8064 | D:9      | Noticed a kobold demonologist
  8066 | D:9      | Noticed a kobold demonologist
  8069 | D:9      | Killed a kobold demonologist
  8072 | D:9      | Killed a kobold demonologist
  8073 | D:9      | Reached skill level 9 in Fighting
  8076 | D:9      | Killed a kobold demonologist
  8253 | D:9      | Identified a scroll of acquirement
  8264 | D:9      | Noticed a two-headed ogre
  8270 | D:9      | Killed a two-headed ogre
  8270 | D:9      | Reached ****** piety under Okawaru
  8271 | D:9      | Reached skill level 8 in Dodging
  8271 | D:9      | Reached XP level 11. HP: 36/89 MP: 11/11
  8272 | D:9      | Acquired a +2 hand cannon of freezing
  8284 | D:9      | Acquired the +5 hand cannon of Namost {drain, Dex+4}
  8284 | D:9      | Received a gift from Okawaru
  8463 | D:9      | Acquired the +1 cloak of Yesterday {rF++}
  8463 | D:9      | Received a gift from Okawaru
  8499 | D:9      | Noticed a two-headed ogre
  8504 | D:9      | Killed a two-headed ogre
  8504 | D:9      | Received a gift from Okawaru
  8505 | D:9      | Reached skill level 10 in Ranged Weapons
  8936 | D:9      | Identified the +1 chain mail of Rotini {rPois Str+2 Dex+4}
  9298 | D:10     | Entered Level 10 of the Dungeon
  9298 | D:10     | Found Arghok's Weapon Boutique.
  9302 | D:10     | Paralysed by a hornet for 2 turns
  9419 | D:10     | Found a hazy altar of Hepliaklqana.
  9470 | D:10     | Noticed Maggie
  9476 | D:10     | Killed Maggie
  9477 | D:10     | Reached skill level 11 in Ranged Weapons
  9514 | D:10     | Found Otoun's Book Shoppe.
  9580 | D:10     | Noticed a cyclops
  9590 | D:10     | Killed a cyclops
  9703 | D:10     | Found a staircase to the Orcish Mines.
  9837 | D:10     | Learned a level 2 spell: Blink
  9898 | D:10     | Found Gimev's Book Shoppe.
 10266 | D:11     | Reached skill level 1 in Translocations
 10269 | D:11     | Received a gift from Okawaru
 10319 | D:11     | Identified the +2 quarterstaff "Omelette" {speed, rC++}
 10336 | D:11     | Noticed a two-headed ogre
 10339 | D:11     | Killed a two-headed ogre
 10340 | D:11     | Reached skill level 12 in Ranged Weapons
 10340 | D:11     | Reached skill level 1 in Spellcasting
 10366 | D:11     | Noticed a boulder beetle
 10371 | D:11     | Killed a boulder beetle
 10491 | D:11     | Reached skill level 2 in Translocations
 10491 | D:11     | Noticed a brown ugly thing
 10493 | D:11     | Reached XP level 12. HP: 97/97 MP: 14/14
 10750 | D:11     | Reached skill level 10 in Fighting
 10750 | D:11     | Reached skill level 2 in Spellcasting
 11056 | D:11     | Noticed a vault guard
 11060 | D:11     | Killed a vault guard
 11060 | D:11     | Received a gift from Okawaru
 11143 | D:11     | Found a portal to a secret trove of treasure.
 11180 | D:12     | Reached skill level 3 in Translocations
 11539 | D:12     | Received a gift from Okawaru
 11594 | D:12     | Reached skill level 3 in Spellcasting
 11613 | D:12     | Noticed a boulder beetle
 11621 | D:12     | Killed a boulder beetle
 11622 | D:12     | Reached skill level 9 in Dodging
 11934 | Lair:1   | Entered Level 1 of the Lair of Beasts
 11946 | Lair:1   | Reached skill level 4 in Translocations
 11949 | Lair:1   | Noticed a catoblepas
 11952 | Lair:1   | Reached skill level 13 in Ranged Weapons
 11957 | Lair:1   | Killed a catoblepas
 12177 | Lair:1   | Reached XP level 13. HP: 89/104 MP: 18/18
 12361 | Lair:1   | Received a gift from Okawaru
 12868 | Lair:2   | Reached skill level 4 in Spellcasting
 12943 | Lair:2   | Reached skill level 5 in Translocations
 12955 | Lair:2   | Reached skill level 11 in Fighting
 12984 | Lair:2   | Received a gift from Okawaru
 13123 | Lair:2   | Identified the +1 robe of Shrieking Life {Rampage Str+3
                  | Dex+3 Archmagi}
 13272 | Lair:2   | Identified the +2 scale mail of the Arcane {rElec Will-
                  | rCorr}
 13274 | Lair:2   | Noticed an ice dragon
 13280 | Lair:2   | Killed an ice dragon
 13426 | Lair:2   | Found a hole to the Spider Nest.
 13985 | Lair:3   | Reached skill level 14 in Ranged Weapons
 14135 | Lair:3   | Reached skill level 10 in Dodging
 14135 | Lair:3   | Reached skill level 6 in Translocations
 14152 | Lair:3   | Reached skill level 5 in Spellcasting
 14275 | Lair:3   | Received a gift from Okawaru
 14692 | Lair:3   | Found a staircase to the Shoals.
 14855 | Lair:4   | Reached XP level 14. HP: 98/113 MP: 21/21
 14867 | Lair:4   | Acquired a neodymium superscope {rC+ Regen+ RegenMP+
                  | Slay+3}
 15311 | Lair:4   | Found a staircase to the Slime Pits.
 15311 | Lair:4   | Found a viscous altar of Jiyva.
 15509 | Lair:4   | Received a gift from Okawaru
 15680 | Lair:4   | Reached skill level 7 in Translocations
 15950 | Lair:5   | Entered Level 5 of the Lair of Beasts
 15955 | Lair:5   | Received a gift from Okawaru
 15957 | Lair:5   | Reached skill level 12 in Fighting
 16025 | Lair:5   | Reached skill level 15 in Ranged Weapons
 16029 | Lair:5   | Reached skill level 6 in Spellcasting
 16315 | Lair:5   | Received a gift from Okawaru
 16432 | Lair:5   | Noticed a dire elephant
 16432 | Lair:5   | Noticed a dire elephant
 16432 | Lair:5   | Noticed a dire elephant
 16444 | Lair:5   | Found the +8 longbow "Zephyr" {speed, Dex+3 SInv}
 16451 | Lair:5   | Noticed a dire elephant
 16460 | Lair:5   | Killed a dire elephant
 16550 | Lair:5   | Killed a dire elephant
 16553 | Lair:5   | Killed a dire elephant
 16557 | Lair:5   | Reached XP level 15. HP: 110/121 MP: 24/24
 16560 | Lair:5   | Reached skill level 11 in Dodging
 16560 | Lair:5   | Received a gift from Okawaru
 16957 | Lair:5   | Reached skill level 8 in Translocations
 16968 | Lair:5   | Reached skill level 1 in Evocations
 17197 | Orc:1    | Entered Level 1 of the Orcish Mines
 17406 | Orc:2    | Entered Level 2 of the Orcish Mines
 17462 | Orc:1    | Paralysed by an orc sorcerer for 5 turns
 17727 | Orc:2    | Found a staircase to the Elven Halls.
 17732 | Orc:2    | Received a gift from Okawaru
 17735 | Orc:2    | Reached skill level 2 in Evocations
 17930 | Orc:2    | Reached skill level 7 in Spellcasting
 17930 | Orc:2    | Reached skill level 3 in Evocations
 17944 | Orc:2    | Received a gift from Okawaru
 18009 | Orc:2    | Found Lyuch's Magic Scroll Shop.
 18022 | Orc:2    | Found Mupaletzau's Weapon Shoppe.
 18029 | Orc:2    | Found Volef's Distillery.
 18031 | Orc:2    | Found Sawnawn's Book Shop.
 18117 | Orc:2    | Found Poosaufu's Specific Store.
 18117 | Orc:2    | Found Ibleug's General Store.
 18245 | Orc:2    | Bought a scroll of identify for 24 gold pieces
 18245 | Orc:2    | Bought a scroll of blinking for 90 gold pieces
 18245 | Orc:2    | Bought a scroll of enchant weapon for 90 gold pieces
 18245 | Orc:2    | Bought a scroll of vulnerability for 48 gold pieces
 18245 | Orc:2    | Bought a scroll of teleportation for 36 gold pieces
 18255 | Orc:2    | Bought a potion of brilliance for 56 gold pieces
 18255 | Orc:2    | Bought a potion of resistance for 140 gold pieces
 18255 | Orc:2    | Bought 2 potions of haste for 280 gold pieces
 18255 | Orc:2    | Bought a potion of haste for 140 gold pieces
 18255 | Orc:2    | Bought a potion of resistance for 140 gold pieces
 18255 | Orc:2    | Bought a potion of magic for 112 gold pieces
 18255 | Orc:2    | Bought a potion of ambrosia for 112 gold pieces
 18305 | Orc:2    | Bought a scroll of revelation for 127 gold pieces
 18392 | D:13     | Reached skill level 16 in Ranged Weapons
 18572 | D:13     | Found Mintitz's Pet Rocks.
 18582 | D:13     | Found Uluemnom's Distillery.
 18603 | D:13     | Bought a potion of heal wounds for 75 gold pieces
 18603 | D:13     | Bought a potion of curing for 45 gold pieces
 18667 | D:13     | Found Jeytsoisum's Weapon Shoppe.
 18757 | D:13     | Noticed Frances
 18762 | D:13     | Killed Frances
 18961 | D:14     | Reached skill level 4 in Evocations
 19144 | D:14     | Reached skill level 13 in Fighting
 19202 | D:14     | Received a gift from Okawaru
 19378 | D:14     | Found a broken altar of Ashenzari.
 19501 | D:14     | Found a gate to the Vaults.
 19601 | D:15     | Entered Level 15 of the Dungeon
 19601 | D:15     | Found a staircase to the Depths.
 19606 | D:15     | Reached XP level 16. HP: 127/130 MP: 27/27
 19622 | D:15     | HP: 29/126 [centaur warrior skeleton[a vampire mage] (5)]
 19627 | D:15     | Reached skill level 9 in Translocations
 19711 | D:15     | Reached skill level 5 in Evocations
 19849 | D:15     | Received a gift from Okawaru
 20969 | Shoals:1 | Entered Level 1 of the Shoals
 21127 | Shoals:1 | Received a gift from Okawaru
 21143 | Shoals:1 | Reached skill level 6 in Evocations
 21229 | Shoals:1 | Got the Cyclopedia of Refulgent Dark Ceremonies
 21362 | Shoals:1 | Reached skill level 12 in Dodging
 21762 | Shoals:2 | Reached skill level 8 in Spellcasting
 21806 | Shoals:2 | Received a gift from Okawaru
 22296 | Shoals:2 | Reached skill level 17 in Ranged Weapons
 22297 | Shoals:2 | Reached skill level 7 in Evocations
 22411 | Shoals:3 | Found Leadaw's Antique Armour Shop.
 22414 | Shoals:3 | Received a gift from Okawaru
 22591 | Shoals:3 | Found Dim Jog's Armour Boutique.
 22614 | Shoals:3 | Identified the +1 leather armour of Vuffud {rF+ Will-
                  | Int+4}
 22628 | Shoals:3 | Reached XP level 17. HP: 137/138 MP: 29/29
 22631 | Shoals:3 | Reached skill level 10 in Translocations
 22672 | Shoals:3 | Received a gift from Okawaru
 22809 | Shoals:3 | Found Xeschut's Antique Weapon Shoppe.
 22864 | Shoals:3 | Noticed Polyphemus
 22871 | Shoals:3 | Killed Polyphemus
 22872 | Shoals:3 | Reached skill level 8 in Evocations
 22982 | Shoals:3 | Reached skill level 14 in Fighting
 22986 | Shoals:3 | Found Gahuen's Assorted Antiques.
 22998 | Shoals:3 | Bought a slimy chain mail for 247 gold pieces
 22998 | Shoals:3 | Identified the +2 chain mail of the Blacksmith {rPois
                  | Will+++ Int-4 Dex+4} (You bought it in a shop on level 3 of
                  | the Shoals)
 23015 | Shoals:3 | Learned a level 4 spell: Maxwell's Portable Piledriver
 23020 | Shoals:3 | Learned a level 4 spell: Dimensional Bullseye
 23157 | Shoals:4 | Entered Level 4 of the Shoals
 23310 | Shoals:4 | Reached skill level 3 in Armour
 23368 | Shoals:4 | Received a gift from Okawaru
 23482 | Shoals:4 | HP: 11/139 [satyr/arrow (26)]
 23802 | Shoals:4 | Reached skill level 4 in Armour
 23872 | Shoals:4 | Noticed Mara
 23877 | Shoals:4 | Noticed HilariousDeathArtist's illusion
 23897 | Shoals:4 | Received a gift from Okawaru
 23904 | Shoals:4 | HP: 27/139 [water nymph/the raging water (29)]
 24026 | Shoals:4 | Got a barnacled rune of Zot
 24047 | Shoals:4 | Noticed HilariousDeathArtist's illusion
 24052 | Shoals:4 | Killed Mara
 24080 | Shoals:4 | Identified the +0 sling of Vuaj {freeze, rPois Will+ MP-9}
 24084 | Shoals:4 | Reached skill level 9 in Evocations
 24108 | Shoals:4 | Identified the +7 sling "Newt's Nightmare" {freeze, rElec
                  | rPois Stlth-}
 24233 | Shoals:4 | Identified the +0 morningstar "Pien" {vamp, rElec Will-
                  | Str+3 Int+4}
 24452 | Shoals:4 | Reached skill level 5 in Armour
 24807 | Spider:1 | Entered Level 1 of the Spider Nest
 24844 | Spider:1 | Received a gift from Okawaru
 25156 | Spider:1 | Reached XP level 18. HP: 147/147 MP: 30/30
 25199 | Spider:1 | Reached skill level 13 in Dodging
 25201 | Spider:1 | Reached skill level 18 in Ranged Weapons
 25528 | Spider:1 | Reached skill level 6 in Armour
 25940 | Spider:2 | Received a gift from Okawaru
 25999 | Spider:2 | Reached skill level 10 in Evocations
 26296 | Spider:2 | Reached skill level 7 in Armour
 26892 | Spider:3 | Received a gift from Okawaru
 27191 | Spider:3 | Reached skill level 15 in Fighting
 27717 | Spider:4 | Entered Level 4 of the Spider Nest
 27852 | Spider:3 | Reached skill level 1 in Stealth
 27860 | Spider:4 | Noticed Arachne
 27874 | Spider:3 | Killed Arachne
 27874 | Spider:3 | Received a gift from Okawaru
 27875 | Spider:3 | Reached skill level 1 in Invocations
 27875 | Spider:3 | Reached skill level 11 in Evocations
 28148 | Spider:4 | Reached skill level 8 in Armour
 28150 | Spider:4 | HP: 35/146 [spark wasp (16)]
 28353 | Spider:4 | Reached skill level 2 in Stealth
 28353 | Spider:4 | HP: 34/143 [wolf spider (3)]
 28446 | Spider:4 | Reached XP level 19. HP: 153/154 MP: 31/31
 28592 | Spider:4 | Reached skill level 2 in Invocations
 28669 | Spider:4 | Received a gift from Okawaru
 28938 | Spider:4 | Reached skill level 9 in Spellcasting
 29334 | Spider:4 | Got a gossamer rune of Zot
 29620 | Elf:1    | Entered Level 1 of the Elven Halls
 29667 | Elf:1    | Noticed Jorgrun
 29669 | Elf:1    | Killed Jorgrun
 29738 | Elf:1    | Reached skill level 3 in Stealth
 29841 | Elf:1    | Received a gift from Okawaru
 30104 | Elf:1    | Noticed Roxanne
 30328 | Elf:1    | Paralysed by an air elemental for 1 turns
 30767 | Elf:2    | Found Dodghocu's Jewellery Boutique.
 30899 | Elf:2    | Reached skill level 3 in Invocations
 30903 | Elf:2    | Reached skill level 11 in Translocations
 30925 | Elf:2    | Paralysed by an air elemental for 1 turns
 30935 | Elf:2    | Reached skill level 12 in Evocations
 31041 | Elf:2    | Found Qeolias's Assorted Antiques.
 31049 | Elf:2    | Bought a potion of heal wounds for 135 gold pieces
 31049 | Elf:2    | Bought a pair of boots for 121 gold pieces
 31111 | Elf:2    | Reached skill level 14 in Dodging
 31146 | Elf:2    | Found Roofiynk's Magic Scroll Boutique.
 31161 | Elf:2    | Bought a scroll of teleportation for 51 gold pieces
 31161 | Elf:2    | Bought a scroll of enchant weapon for 127 gold pieces
 31217 | Elf:2    | Received a gift from Okawaru
 31293 | Elf:2    | Found a runed translucent gate.
 31294 | Elf:2    | Found a runed translucent gate.
 31294 | Elf:2    | Found a runed translucent gate.
 31321 | Elf:2    | Reached skill level 4 in Stealth
 31411 | Elf:2    | Reached skill level 9 in Armour
 31520 | Elf:2    | Received a gift from Okawaru
 31708 | Elf:3    | Entered Level 3 of the Elven Halls
 31776 | Elf:3    | Reached XP level 20. HP: 164/164 MP: 33/33
 31840 | Elf:3    | Found a radiant altar of Vehumet.
 31886 | Elf:3    | Reached skill level 4 in Invocations
 32174 | Elf:3    | Noticed Donald
 32188 | Elf:3    | Killed Donald
 32374 | Elf:3    | Found Kierr's Magic Scroll Emporium.
 32376 | Elf:3    | Bought a scroll of blinking for 120 gold pieces
 32429 | Elf:3    | Identified the +11 glaive of Dynurph {elec, rCorr}
 32431 | Elf:3    | Identified the ring "Esuar" {Ice Stlth+}
 32441 | Elf:3    | Received a gift from Okawaru
 32456 | Elf:3    | Paralysed by an air elemental for 1 turns
 32469 | Elf:3    | Reached skill level 5 in Stealth
 32520 | Elf:3    | Identified the +7 long sword of Gozag's Favour {protect,
                  | rC+ Str+3 Dex+5}
 32587 | Elf:3    | Identified the +6 chain mail "Hulac" {rElec rPois Regen+
                  | Str-3}
 32644 | Elf:3    | Reached skill level 16 in Fighting
 32652 | Elf:3    | Received a gift from Okawaru
 32654 | Elf:3    | Reached skill level 13 in Evocations
 32760 | Elf:3    | Got the Folio of Congelation and the Tropics
 33032 | Vaults:1 | Entered Level 1 of the Vaults
 33077 | Vaults:1 | Reached skill level 10 in Spellcasting
 33134 | Vaults:1 | Found Kefuxoy's Weapon Shoppe.
 33458 | Vaults:1 | Reached skill level 5 in Invocations
 33461 | Vaults:1 | Reached skill level 10 in Armour
 33477 | Vaults:1 | Received a gift from Okawaru
 33515 | Vaults:1 | Reached skill level 12 in Translocations
 33636 | Vaults:1 | Learned a level 4 spell: Passage of Golubria
 33756 | Vaults:1 | Found a transporter.
 34202 | Vaults:2 | Reached XP level 21. HP: 171/171 MP: 35/35
 34356 | Vaults:2 | Reached skill level 6 in Stealth
 34375 | Vaults:2 | Noticed Nikola
 34459 | Vaults:2 | Received a gift from Okawaru
 34575 | Vaults:2 | Killed Nikola
 35079 | Vaults:2 | Received a gift from Okawaru
 35123 | Vaults:3 | Found a staircase to the Crypt.
 35123 | Vaults:3 | Found an ancient bone altar of Kikubaaqudgha.
 35123 | Vaults:3 | Found a basalt altar of Yredelemnul.
 35292 | Vaults:3 | You fall into a shaft and drop 1 floor!
 35305 | Vaults:4 | Reached skill level 11 in Armour
 35314 | Vaults:4 | HP: 33/172 [yaktaur captain/bolt (16)]
 35397 | Vaults:4 | Reached skill level 14 in Evocations
 35484 | Vaults:4 | Reached skill level 6 in Invocations
 35530 | Vaults:4 | Received a gift from Okawaru
 35831 | Vaults:4 | Reached skill level 15 in Dodging
 35975 | Vaults:4 | Reached skill level 7 in Stealth
 35976 | Vaults:4 | Received a gift from Okawaru
 36408 | Vaults:4 | Reached XP level 22. HP: 180/180 MP: 36/36
 36836 | Vaults:3 | Received a gift from Okawaru
 37003 | Vaults:3 | Identified the +0 hand axe "Byerilon" {flame, rC++ rCorr
                  | Str-5 Int-3}
 37140 | Vaults:3 | Reached skill level 12 in Armour
 37632 | Vaults:1 | Found a transporter.
 37632 | Vaults:1 | Found a runed translucent door.
 37632 | Vaults:1 | Found a bloodstained altar of Trog.
 37632 | Vaults:1 | Found the necklace of Bloodlust {Fury *Rage Will++ Int-3
                  | Slay+6}
 37656 | Vaults:1 | Received a gift from Okawaru
 37723 | Vaults:1 | Reached skill level 11 in Spellcasting
 37723 | Vaults:1 | Reached skill level 13 in Translocations
 37847 | Vaults:1 | Reached skill level 17 in Fighting
 37861 | Vaults:1 | Identified the +5 chain mail of Understanding {Int+8}
 37874 | Vaults:1 | Identified the +0 battleaxe of Severance {pain, Will+ Str+8
                  | Int-5}
 38227 | Lair:4   | Fell from the grace of Okawaru
 38227 | Lair:4   | Became a worshipper of Jiyva Juemn the Shapeless
 38451 | Depths:1 | Entered Level 1 of the Depths
 38576 | Depths:1 | Reached skill level 7 in Invocations
 38789 | Depths:1 | Found Rujura's Weapon Shoppe.
 38845 | Depths:1 | Identified the +0 longbow of a bailey {flame, *Corrode rC+
                  | Int+4 Dex+3}
 38911 | Depths:1 | Reached * piety under Jiyva
 38922 | Depths:1 | Found an ornate altar of the Wu Jian Council.
 39013 | Depths:1 | Found a gateway to Hell.
 39152 | Depths:1 | Reached skill level 15 in Evocations
 39265 | Depths:2 | Found a one-way gateway to a ziggurat.
 39267 | Depths:2 | Noticed a juggernaut
 39277 | Depths:1 | Killed a juggernaut
 39307 | Depths:2 | Found a magical portal.
 39317 | WizLab   | Entered Maxwell's Workshop
 39402 | WizLab   | Identified the ring "Siettux" {Fire rElec Stlth+}
 39460 | WizLab   | Reached skill level 8 in Stealth
 39514 | WizLab   | Identified the +1 helmet of Hubris {rElec rF+++ Will+
                  | Int-3}
 39558 | WizLab   | Reached skill level 13 in Armour
 39888 | Depths:2 | Reached ** piety under Jiyva
 39907 | Depths:2 | Reached XP level 23. HP: 182/188 MP: 38/38
 39970 | Depths:2 | Identified the +6 falchion "Gagoph" {freeze, *Corrode
                  | Int+3}
 40142 | Depths:2 | Noticed a juggernaut
 40165 | Depths:2 | Killed a juggernaut
 40173 | Depths:2 | Noticed a golden dragon
 40181 | Depths:2 | Killed a golden dragon
 40198 | Depths:2 | Reached skill level 14 in Armour
 40209 | Depths:2 | Noticed Norris
 40218 | Depths:2 | Killed Norris
 40247 | Depths:2 | Found a one-way gate leading to the halls of Pandemonium.
 40273 | Depths:2 | Found the +5 Storm Queen's Shield {shock, Fly rElec}
 40286 | Depths:2 | Found the +0 cloak of the Thief {Quiet Slay-3 SInv Stlth+}
 40424 | Depths:2 | Reached *** piety under Jiyva
 41265 | Depths:3 | Found a one-way gate to the infinite horrors of the Abyss.
 41276 | Depths:3 | Gained mutation: You have a beak for a mouth. [Jiyva's
                  | grace]
 41276 | Depths:3 | Gained mutation: You have a small jelly attached to you
                  | that may absorb projectiles. [Jiyva's grace]
 41276 | Depths:3 | Gained mutation: You are agile. (Dex +4, Str/Int -1)
                  | [Jiyva's grace]
 41276 | Depths:3 | Gained mutation: You are very agile. (Dex +8, Str/Int -2)
                  | [Jiyva's grace]
 41324 | Depths:3 | Was forgiven by Okawaru
 41338 | Depths:3 | HP: 38/188 [stone giant/large rock[the fury of Okawaru]
                  | (35)]
 41405 | Depths:3 | Reached skill level 8 in Invocations
 41472 | Depths:3 | Reached skill level 16 in Evocations
 41549 | Depths:3 | Reached **** piety under Jiyva
 41592 | Depths:3 | Found the +3 greatsling "Punk" {acid, rCorr}
 42156 | Depths:4 | Entered Level 4 of the Depths
 42176 | Depths:4 | Reached skill level 9 in Stealth
 42180 | Depths:4 | Reached skill level 15 in Armour
 42376 | Depths:3 | Reached XP level 24. HP: 197/197 MP: 38/38
 42451 | Depths:4 | Reached skill level 16 in Dodging
 42484 | Depths:4 | Reached skill level 14 in Translocations
 42566 | Depths:4 | Found a gate to the Realm of Zot.
 42613 | Depths:4 | Reached ***** piety under Jiyva
 42632 | Depths:4 | Reached skill level 12 in Spellcasting
 42657 | Depths:4 | Found Penes's Magic Scroll Emporium.
 43168 | Depths:3 | Reached skill level 16 in Armour
 43308 | Depths:4 | Bought a scroll of enchant weapon for 97 gold pieces
 43308 | Depths:4 | Bought a scroll of enchant weapon for 97 gold pieces
 43308 | Depths:4 | Bought a scroll of silence for 123 gold pieces
 43308 | Depths:4 | Bought a scroll of enchant weapon for 97 gold pieces
 43308 | Depths:4 | Bought a scroll of revelation for 97 gold pieces
 43463 | D:10     | Bought a manual of Stealth for 1360 gold pieces
 43536 | D:13     | Bought a tin of tremorstones (2/2) for 600 gold pieces
 43544 | D:13     | Bought a potion of heal wounds for 75 gold pieces
 43544 | D:13     | Bought 2 potions of curing for 90 gold pieces
 43544 | D:13     | Bought a potion of invisibility for 120 gold pieces
 43544 | D:13     | Bought a potion of haste for 150 gold pieces
 43691 | Hell     | Entered the Vestibule of Hell
 43691 | Hell     | Noticed Geryon
 43823 | Hell     | HP: 40/197 [reaper/+2 scythe of venom (18)]
 43823 | Hell     | HP: 19/197 [reaper/+4 heavy scythe (21)]
 43829 | Hell     | HP: 41/197 [reaper/+2 heavy scythe (3)]
 43833 | Hell     | Found a gateway to the freezing wastes of Cocytus.
 43898 | Hell     | Gained mutation: Your system is resistant to poisons.
                  | (rPois) [a cacodemon]
 43900 | Hell     | Reached skill level 18 in Fighting
 43957 | Hell     | HP: 49/197 [hell beast[Geryon] (13)]
 43958 | Hell     | HP: 23/197 [sun demon (9)]
 43959 | Hell     | HP: 8/197 [sun demon (4)]
 43959 | Hell     | Slain by a putrid mouth

Illustrated notes

Levels and vault maps discovered:
D:1:      tarquinn_simple_flora_water_e, layout_rooms, serial_shops, shop
D:2:      minmay_inner_zag, layout_basic, basic_altar, uniq_robin, uniq_sigmund,
          uniq_jessica, uniq_terence
D:3:      layout_loops_cross, nicolae_uskayaw_dance_hall,
          shapermc_ecumenical_altar_ellora
D:4:      layout_rooms, kiku_gazebo_pond_becter,
          mainiacjoe_overflow_concentric_impassable, serial_shops,
          nicolae_shop_stone, shop, uniq_ijyb
D:5:      layout_loops_ring, mainiacjoe_overflow_cross_hatched,
          chequers_temple_overflow_statue_of_worship, uniq_eustachio
D:6:      layout_basic, nicolae_ru_great_annihilating_truth, kennysheep_mini,
          minivault_26, uniq_pikel
D:7:      layout_gridville, jmf_multi_god_temple2, temple_pool_b, uniq_menkaure,
          uniq_duvessa, uniq_jeremiah
D:8:      layout_basic, erik_lair_orcish_takeover
D:9:      layout_grid_maze, old_standard_altar
D:10:     layout_basic, lemuel_tele_altar, erik_orc_3, serial_shops, shop,
          nicolae_square_shop, shop, minmay_door_square, uniq_maggie
D:11:     layout_basic, enter_trove_5
D:12:     layout_gridville, minmay_misc_feat_pillars
D:13:     layout_small_grid, serial_shops, shop, nicolae_shop_gibbet_a_chance,
          guppyfry_shop_earth, uniq_frances
D:14:     layout_rooms, hellmonk_vaults_keyhole, evilmike_ruin_ashenzari
D:15:     gammafunk_depths_entry_grave, layout_basic, minmay_curled_crystal
Lair:1:   layout_gridlike, dreamdust_deal_with_the_devil
Lair:2:   dragon1_lemuel, layout_regular_city,
          nicolae_spider_entry_lesser_pyramids, nicolae_lair_grazing_beasts
          [nicolae_sub_lair_graze_edge, nicolae_sub_lair_graze_edge,
          nicolae_sub_lair_graze_edge, nicolae_sub_lair_graze_edge]
Lair:3:   layout_gridlike, minmay_shoals_entry_hut
Lair:4:   nzn_winding_woodlands_medium [nzn_winding_woodlands_5x5_default,
          nzn_winding_woodlands_5x15_lazy_stream,
          nzn_winding_woodlands_5x5_perimeter,
          nzn_winding_woodlands_5x5_default,
          nzn_winding_woodlands_center_pierced_h,
          nzn_winding_woodlands_hourglass, nzn_winding_woodlands_5x5_three,
          nzn_winding_woodlands_5x15_crooked,
          nzn_winding_woodlands_5x5_default], layout_cave_pods,
          minmay_slime_entry_pillars
Lair:5:   due_jungle_book, layout_loops_ring, hangedman_lair_generics_rect,
          lemuel_fruit_tree
Shoals:1: layout_shoals, nicolae_shoals_mertower
Shoals:2: layout_shoals
Shoals:3: layout_shoals, serial_shops, nicolae_lakefront_shop, shop, shop,
          nicolae_shop_peninsula, kb_tengu_band, uniq_polyphemus
Shoals:4: shoals_end_grunt_ice, layout_shoals, uniq_mara
Spider:1: layout_spider_delve
Spider:2: layout_spider_delve, hangedman_spider_tarantella_strand
Spider:3: nicolae_spider_mines_1
Spider:4: spider_rune_water, nicolae_spider_paper_wasps, uniq_arachne
Orc:1:    layout_caves
Orc:2:    st_orc_elflike, layout_caves, nicolae_orc_sculptors_studio,
          nicolae_specific_store
Elf:1:    layout_onion_city, hangedman_corner_corridor, uniq_roxanne,
          uniq_jorgrun
Elf:2:    nicolae_elf_blades_crystal_corner, layout_gridlike, serial_shops,
          shop, nicolae_shop_behind_doors, shop, st_stairs_10, fountainhead
Elf:3:    minmay_elf_hall_not_hex, layout_geoelf_grid, basic_altar,
          serial_shops, nicolae_shop_tiny_real_fake_doors, drop_trap,
          uniq_donald
Vaults:1: vaults_room_pools, nicolae_vaults_spaceships,
          nicolae_vaults_tangram_1, emtedronai_trogs_sanctum,
          vaults_room_ringed_pool, hangedman_vaults_river_flow, v_misc_15,
          v_misc_25, v_misc_17, nicolae_vaults_trapezoid_1,
          nicolae_vaults_network_star, nicolae_vaults_hallways_thing,
          hangedman_vaults_pinch, ontoclasm_vaults_pinch,
          nicolae_vaults_storage_room_water, nicolae_vaults_surprise_closet,
          layout_vaults_omnibox, serial_shops, nicolae_shop_tiny_statue_garden
Vaults:2: nicolae_vaults_halls_meeting, hangedman_vaults_impose,
          vaults_room_fours, ontoclasm_vaults_decontamination, v_misc_2,
          nicolae_vaults_tetromino_L_2, v_misc_26,
          nicolae_vaults_ring_of_whatevers, hangedman_vaults_slice,
          layout_vaults_big_room, uniq_nikola, uniq_boris
Vaults:3: v_rooms_4, hangedman_vaults_trim, vaults_dpeg_emergency_exit,
          hangedman_vaults_slither, hangedman_vaults_slice,
          nicolae_vaults_mini_display_case, minmay_crypt_entry_necro_gods,
          hangedman_vaults_slice, grunt_vaults_focal, vaults_dpeg_hooks,
          v_alt_pattern_1, nicolae_vaults_rhombus_6,
          nicolae_vaults_loss_of_containment,
          nicolae_vaults_offset_grid_hallway_1, layout_vaults_maze_snakey
Vaults:4: nicolae_vaults_tetromino_Z_1, vaults_dpeg_doors, v_misc_11,
          nicolae_vaults_more_shelving_1, v_misc_24, v_misc_9,
          nicolae_vaults_what_the_h, nicolae_vaults_house_1,
          vaults_standard_mumra_lines, v_misc_4, st_cells,
          layout_vaults_omnicross
Depths:1: layout_gridlike, minivault_14, hell_entry, serial_shops,
          nicolae_diamond_shop, nicolae_wu_jian_glorious_leap
Depths:2: minmay_the_grid_octo_tiled_octocenter
          [minmay_the_grid_octo_tetromino_candy, minmay_the_grid_octo_teeth,
          minmay_the_grid_octo_chip, minmay_the_grid_octo_checkerflower,
          minmay_the_grid_octo_prize_single_spiral,
          minmay_the_grid_square_5x5_shuriken,
          minmay_the_grid_square_5x5_corner,
          minmay_the_grid_square_5x5_two_walls_b,
          minmay_the_grid_square_5x5_almost_minimal], layout_basic,
          enter_ziggurat_a, hangedman_abyss_or_decor_lesser_grid,
          grunt_hell_entry_dis_old, pan_entry, mu_enter_wizlab_4,
          minmay_misc_feat_enclosed, uniq_norris
Depths:3: minmay_inside_and_out, layout_gridlike, minmay_misc_feat_five,
          hangedman_abyss_entry_splay, pf_coc_iceberg,
          chequers_serial_rivers_micro_b
Depths:4: grunt_zot_entry_tricorne, layout_basic, hell_entry,
          serial_bayou_shore_b, minmay_shop_star
Hell

Skill      XL: |  1  2  3  4  5  6  7  8  9 10 11 12 13 14 15 16 17 18 19 20 21 22 23 24 |
---------------+-------------------------------------------------------------------------+-----
Dodging        | 1 2 3 4 5 6 8 9 10 11 12 13 14 15 16 | 16.2
Fighting       | 4 5 6 7 9 10 11 12 13 14 15 16 17 18 | 18.0
Ranged Weapons | 2 7 8 9 12 13 14 15 16 17 18 | 18.0
Translocations | 2 4 6 7 8 9 10 11 12 13 14 | 14.3
Spellcasting   | 1 3 5 6 7 8 9 10 11 12 | 12.1
Evocations     | 4 7 9 11 12 13 14 15 16 | 16.7
Armour         | 5 8 9 10 11 13 15 16 | 16.3
Stealth        | 2 4 5 7 8 9 |  9.9
Invocations    | 1 3 5 6 7 8 |  8.8
Long Blades    | |  2.0
Shields        | |  2.1

Action                     |  1- 3 |  4- 6 |  7- 9 | 10-12 | 13-15 | 16-18 | 19-21 | 22-24 || total
---------------------------+-------+-------+-------+-------+-------+-------+-------+-------++-------
  Melee: Long sword        |    75 |   146 |       |   144 |       |       |       |       ||   365
         Dagger            |       |   134 |   554 |   155 |       |       |       |       ||   843
         Short sword       |       |       |   165 |    22 |       |       |       |       ||   187
         Hand cannon       |       |       |       |       |       |    12 |       |     4 ||    16
   Fire: Sling             |       |       |    54 |       |       |       |       |       ||    54
         Hand cannon       |       |       |       |   532 |  1226 |  1702 |  1758 |  2068 ||  7286
  Throw: Stone             |    18 |     5 |       |       |       |       |       |       ||    23
         Dart              |       |     1 |     1 |       |       |       |       |       ||     2
   Cast: Blink             |       |       |       |       |     1 |     6 |     5 |    12 ||    24
 Invoke: Receive Weapon    |       |       |       |     1 |       |       |       |       ||     1
         Receive Armour    |       |       |       |     1 |       |       |       |       ||     1
         Heroism           |       |       |       |       |       |     1 |     1 |       ||     2
Ability: Invent Gizmo      |       |       |       |       |     1 |       |       |       ||     1
  Evoke: Wand              |       |       |     1 |     1 |       |     7 |     2 |     4 ||    15
         Gell's gravitambo |       |       |       |       |       |     4 |     3 |     6 ||    13
         Lightning rod     |       |       |       |       |       |     4 |       |     5 ||     9
         Tin of tremorston |       |       |       |       |       |       |       |     2 ||     2
    Use: Scroll            |       |       |    10 |     7 |     6 |    13 |    10 |     8 ||    54
         Potion            |       |       |       |     1 |       |     4 |       |     8 ||    13
   Stab: Invisible         |       |       |     4 |     7 |       |       |       |       ||    11
         Paralysed         |       |       |     1 |       |       |       |       |       ||     1
         Sleeping          |       |       |     1 |       |       |       |       |       ||     1
 Armour: Scale mail        |    64 |   112 |   128 |       |       |       |       |       ||   304
         Leather armour    |       |       |   112 |       |       |       |       |       ||   112
         Ring mail         |       |       |    18 |   140 |       |    94 |       |       ||   252
         Steam dragon scal |       |       |     2 |    52 |   133 |    33 |       |       ||   220
         Chain mail        |       |       |       |       |       |   458 |   461 |   848 ||  1767
  Dodge: Dodged            |    51 |    81 |   217 |   234 |   171 |   595 |   297 |   564 ||  2210
  Block: Buckler           |    23 |     4 |       |       |       |       |       |       ||    27

Table legend: (Time is in decaauts)
 A = Elapsed time spent in this place.
 B = Non-inter-level travel time spent in this place.
 C = Inter-level travel time spent in this place.
 D = Time resting spent in this place.
 E = Time spent auto-exploring this place.
 F = Levels seen in this place.
 G = Mean time per level.
                   A        B        C        D        E       F      G
               +--------+--------+--------+--------+--------+-----+--------+
         Total |  45503 |  41245 |   4258 |    144 |  32139 |  43 | 1058.2 |
       Dungeon |  15444 |  13671 |   1773 |      5 |  11072 |  15 | 1029.6 |
          Lair |   5659 |   5115 |    544 |      0 |   4314 |   5 | 1131.8 |
        Shoals |   4227 |   3856 |    371 |      0 |   3008 |   4 | 1056.8 |
   Spider Nest |   4800 |   4467 |    333 |     23 |   3528 |   4 | 1200.0 |
  Orcish Mines |   1220 |    993 |    227 |      0 |    845 |   2 |  610.0 |
   Elven Halls |   3386 |   3177 |    209 |      6 |   2492 |   3 | 1128.7 |
        Vaults |   5177 |   4751 |    426 |     84 |   3371 |   4 | 1294.2 |
        Depths |   4872 |   4500 |    372 |      0 |   3198 |   4 | 1218.0 |
          Hell |    167 |    167 |      0 |     24 |      3 |   1 |  167.0 |
        Wizlab |    546 |    546 |      0 |      0 |    306 |   1 |  546.0 |
               +--------+--------+--------+--------+--------+-----+--------+

Top non-repeatable levels by time:
     D:8: 1811 daAuts
Vaults:1: 1654 daAuts
     D:9: 1561 daAuts
Spider:3: 1437 daAuts
Depths:2: 1418 daAuts
Shoals:3: 1407 daAuts
     D:7: 1368 daAuts
Vaults:4: 1310 daAuts
  Lair:4: 1307 daAuts
Spider:4: 1304 daAuts
Depths:3: 1303 daAuts
    D:11: 1249 daAuts
  Lair:2: 1246 daAuts
Vaults:3: 1205 daAuts
   Elf:3: 1195 daAuts

Levels and vault maps discovered:
D:1:      tarquinn_simple_flora_water_e, layout_rooms, serial_shops, shop
D:2:      minmay_inner_zag, layout_basic, basic_altar, uniq_robin, uniq_sigmund,
          uniq_jessica, uniq_terence
D:3:      layout_loops_cross, nicolae_uskayaw_dance_hall,
          shapermc_ecumenical_altar_ellora
D:4:      layout_rooms, kiku_gazebo_pond_becter,
          mainiacjoe_overflow_concentric_impassable, serial_shops,
          nicolae_shop_stone, shop, uniq_ijyb
D:5:      layout_loops_ring, mainiacjoe_overflow_cross_hatched,
          chequers_temple_overflow_statue_of_worship, uniq_eustachio
D:6:      layout_basic, nicolae_ru_great_annihilating_truth, kennysheep_mini,
          minivault_26, uniq_pikel
D:7:      layout_gridville, jmf_multi_god_temple2, temple_pool_b, uniq_menkaure,
          uniq_duvessa, uniq_jeremiah
D:8:      layout_basic, erik_lair_orcish_takeover
D:9:      layout_grid_maze, old_standard_altar
D:10:     layout_basic, lemuel_tele_altar, erik_orc_3, serial_shops, shop,
          nicolae_square_shop, shop, minmay_door_square, uniq_maggie
D:11:     layout_basic, enter_trove_5
D:12:     layout_gridville, minmay_misc_feat_pillars
D:13:     layout_small_grid, serial_shops, shop, nicolae_shop_gibbet_a_chance,
          guppyfry_shop_earth, uniq_frances
D:14:     layout_rooms, hellmonk_vaults_keyhole, evilmike_ruin_ashenzari
D:15:     gammafunk_depths_entry_grave, layout_basic, minmay_curled_crystal
Lair:1:   layout_gridlike, dreamdust_deal_with_the_devil
Lair:2:   dragon1_lemuel, layout_regular_city,
          nicolae_spider_entry_lesser_pyramids, nicolae_lair_grazing_beasts
          [nicolae_sub_lair_graze_edge, nicolae_sub_lair_graze_edge,
          nicolae_sub_lair_graze_edge, nicolae_sub_lair_graze_edge]
Lair:3:   layout_gridlike, minmay_shoals_entry_hut
Lair:4:   nzn_winding_woodlands_medium [nzn_winding_woodlands_5x5_default,
          nzn_winding_woodlands_5x15_lazy_stream,
          nzn_winding_woodlands_5x5_perimeter,
          nzn_winding_woodlands_5x5_default,
          nzn_winding_woodlands_center_pierced_h,
          nzn_winding_woodlands_hourglass, nzn_winding_woodlands_5x5_three,
          nzn_winding_woodlands_5x15_crooked,
          nzn_winding_woodlands_5x5_default], layout_cave_pods,
          minmay_slime_entry_pillars
Lair:5:   due_jungle_book, layout_loops_ring, hangedman_lair_generics_rect,
          lemuel_fruit_tree
Shoals:1: layout_shoals, nicolae_shoals_mertower
Shoals:2: layout_shoals
Shoals:3: layout_shoals, serial_shops, nicolae_lakefront_shop, shop, shop,
          nicolae_shop_peninsula, kb_tengu_band, uniq_polyphemus
Shoals:4: shoals_end_grunt_ice, layout_shoals, uniq_mara
Spider:1: layout_spider_delve
Spider:2: layout_spider_delve, hangedman_spider_tarantella_strand
Spider:3: nicolae_spider_mines_1
Spider:4: spider_rune_water, nicolae_spider_paper_wasps, uniq_arachne
Orc:1:    layout_caves
Orc:2:    st_orc_elflike, layout_caves, nicolae_orc_sculptors_studio,
          nicolae_specific_store
Elf:1:    layout_onion_city, hangedman_corner_corridor, uniq_roxanne,
          uniq_jorgrun
Elf:2:    nicolae_elf_blades_crystal_corner, layout_gridlike, serial_shops,
          shop, nicolae_shop_behind_doors, shop, st_stairs_10, fountainhead
Elf:3:    minmay_elf_hall_not_hex, layout_geoelf_grid, basic_altar,
          serial_shops, nicolae_shop_tiny_real_fake_doors, drop_trap,
          uniq_donald
Vaults:1: vaults_room_pools, nicolae_vaults_spaceships,
          nicolae_vaults_tangram_1, emtedronai_trogs_sanctum,
          vaults_room_ringed_pool, hangedman_vaults_river_flow, v_misc_15,
          v_misc_25, v_misc_17, nicolae_vaults_trapezoid_1,
          nicolae_vaults_network_star, nicolae_vaults_hallways_thing,
          hangedman_vaults_pinch, ontoclasm_vaults_pinch,
          nicolae_vaults_storage_room_water, nicolae_vaults_surprise_closet,
          layout_vaults_omnibox, serial_shops, nicolae_shop_tiny_statue_garden
Vaults:2: nicolae_vaults_halls_meeting, hangedman_vaults_impose,
          vaults_room_fours, ontoclasm_vaults_decontamination, v_misc_2,
          nicolae_vaults_tetromino_L_2, v_misc_26,
          nicolae_vaults_ring_of_whatevers, hangedman_vaults_slice,
          layout_vaults_big_room, uniq_nikola, uniq_boris
Vaults:3: v_rooms_4, hangedman_vaults_trim, vaults_dpeg_emergency_exit,
          hangedman_vaults_slither, hangedman_vaults_slice,
          nicolae_vaults_mini_display_case, minmay_crypt_entry_necro_gods,
          hangedman_vaults_slice, grunt_vaults_focal, vaults_dpeg_hooks,
          v_alt_pattern_1, nicolae_vaults_rhombus_6,
          nicolae_vaults_loss_of_containment,
          nicolae_vaults_offset_grid_hallway_1, layout_vaults_maze_snakey
Vaults:4: nicolae_vaults_tetromino_Z_1, vaults_dpeg_doors, v_misc_11,
          nicolae_vaults_more_shelving_1, v_misc_24, v_misc_9,
          nicolae_vaults_what_the_h, nicolae_vaults_house_1,
          vaults_standard_mumra_lines, v_misc_4, st_cells,
          layout_vaults_omnicross
Depths:1: layout_gridlike, minivault_14, hell_entry, serial_shops,
          nicolae_diamond_shop, nicolae_wu_jian_glorious_leap
Depths:2: minmay_the_grid_octo_tiled_octocenter
          [minmay_the_grid_octo_tetromino_candy, minmay_the_grid_octo_teeth,
          minmay_the_grid_octo_chip, minmay_the_grid_octo_checkerflower,
          minmay_the_grid_octo_prize_single_spiral,
          minmay_the_grid_square_5x5_shuriken,
          minmay_the_grid_square_5x5_corner,
          minmay_the_grid_square_5x5_two_walls_b,
          minmay_the_grid_square_5x5_almost_minimal], layout_basic,
          enter_ziggurat_a, hangedman_abyss_or_decor_lesser_grid,
          grunt_hell_entry_dis_old, pan_entry, mu_enter_wizlab_4,
          minmay_misc_feat_enclosed, uniq_norris
Depths:3: minmay_inside_and_out, layout_gridlike, minmay_misc_feat_five,
          hangedman_abyss_entry_splay, pf_coc_iceberg,
          chequers_serial_rivers_micro_b
Depths:4: grunt_zot_entry_tricorne, layout_basic, hell_entry,
          serial_bayou_shore_b, minmay_shop_star
Hell

Table legend: (Time is in decaauts)
 A = Elapsed time spent in this place.
 B = Non-inter-level travel time spent in this place.
 C = Inter-level travel time spent in this place.
 D = Time resting spent in this place.
 E = Time spent auto-exploring this place.
 F = Levels seen in this place.
 G = Mean time per level.
                   A        B        C        D        E       F      G
               +--------+--------+--------+--------+--------+-----+--------+
         Total |  45503 |  41245 |   4258 |    144 |  32139 |  43 | 1058.2 |
       Dungeon |  15444 |  13671 |   1773 |      5 |  11072 |  15 | 1029.6 |
          Lair |   5659 |   5115 |    544 |      0 |   4314 |   5 | 1131.8 |
        Shoals |   4227 |   3856 |    371 |      0 |   3008 |   4 | 1056.8 |
   Spider Nest |   4800 |   4467 |    333 |     23 |   3528 |   4 | 1200.0 |
  Orcish Mines |   1220 |    993 |    227 |      0 |    845 |   2 |  610.0 |
   Elven Halls |   3386 |   3177 |    209 |      6 |   2492 |   3 | 1128.7 |
        Vaults |   5177 |   4751 |    426 |     84 |   3371 |   4 | 1294.2 |
        Depths |   4872 |   4500 |    372 |      0 |   3198 |   4 | 1218.0 |
          Hell |    167 |    167 |      0 |     24 |      3 |   1 |  167.0 |
        Wizlab |    546 |    546 |      0 |      0 |    306 |   1 |  546.0 |
               +--------+--------+--------+--------+--------+-----+--------+

Top non-repeatable levels by time:
     D:8: 1811 daAuts
Vaults:1: 1654 daAuts
     D:9: 1561 daAuts
Spider:3: 1437 daAuts
Depths:2: 1418 daAuts
Shoals:3: 1407 daAuts
     D:7: 1368 daAuts
Vaults:4: 1310 daAuts
  Lair:4: 1307 daAuts
Spider:4: 1304 daAuts
Depths:3: 1303 daAuts
    D:11: 1249 daAuts
  Lair:2: 1246 daAuts
Vaults:3: 1205 daAuts
   Elf:3: 1195 daAuts

Table legend:
 A = Kills in this place as a percentage of kills in the entire game.
 B = Kills by you in this place as a percentage of kills by you in the entire game.
 C = Kills by friends in this place as a percentage of kills by friends in the entire game.
 D = Other kills in this place as a percentage of other kills in the entire game.
 E = Experience gained in this place as a percentage of experience gained in the entire game.
 F = Experience gained in this place divided by the number of levels of this place that you have seen.
                   A       B       C       D       E      F
               +-------+-------+-------+-------+-------+----------------------
         Total | 100.0 | 100.0 | 100.0 | 100.0 | 100.0 | 21258.2
       Dungeon |  22.6 |  22.6 |   0.0 |  33.3 |   6.4 | 3914.2
          Lair |  10.9 |  10.9 |   0.0 |  16.7 |   7.3 | 13347.6
        Shoals |   8.8 |   8.8 |   0.0 |  16.7 |  10.1 | 23103.2
   Spider Nest |  12.8 |  12.9 |   0.0 |   0.0 |  11.2 | 25525.0
  Orcish Mines |   4.0 |   4.1 |   0.0 |   0.0 |   1.9 | 8735.0
   Elven Halls |   8.1 |   8.1 |   0.0 |  16.7 |  12.1 | 36740.0
        Vaults |  17.0 |  17.1 |   0.0 |   0.0 |  23.0 | 52486.2
        Depths |  11.2 |  11.2 |   0.0 |  16.7 |  21.8 | 49768.0
          Hell |   2.3 |   2.1 | 100.0 |   0.0 |   3.1 | 27914.0
        Wizlab |   2.2 |   2.2 |   0.0 |   0.0 |   3.2 | 29518.0
               +-------+-------+-------+-------+-------+----------------------
